 Dungeon Crawl Stone Soup version 0.30.1-3-gfc49f6343a (console) character file.

Game seed: 8310651754519558923

49 Zeor the Vexing (level 3, 0/20 HPs)
             Began as a Deep Elf Hexslinger on July 22, 2023.
             Succumbed to an adder's poison
             ... on level 2 of the Dungeon.
             The game lasted 00:04:03 (956 turns).

Zeor the Vexing (Deep Elf Hexslinger)                Turns: 956, Time: 00:04:04

Health: 0/20       AC:  4    Str:  7    XL:     3   Next: 51%
Magic:  0/8        EV: 12    Int: 19    God:
Gold:   64         SH:  0    Dex: 15    Spells: 2/6 levels left

rFire   . . .        a - +1 sling
rCold   . . .        (no shield)
rNeg    . . .        d - +1 leather armour
rPois   .            (no helmet)
rElec   .            (no cloak)
rCorr   .            (no gloves)
SInv    .            (no boots)
Will    .....        (no amulet)
Stlth   +            (no ring)
HPRegen 0.23/turn    (no ring)
MPRegen 0.11/turn

%: no passive effects
@: lethally poisoned (0 -> -2)
A: no striking features
a: no special abilities


You were on level 2 of the Dungeon.
You visited 1 branch of the dungeon, and saw 2 of its levels.

You collected 64 gold pieces.

Inventory:

Hand Weapons
 a - a +1 sling (weapon)
 f - a +1 dagger of venom
Armour
 d - a +1 leather armour (worn)
Scrolls
 b - a scroll of poison
Potions
 e - a potion of brilliance


   Skills:
 + Level 0.8 Fighting
 * Level 4.3 Ranged Weapons
 + Level 2.6 Dodging
 + Level 0.3 Stealth
 * Level 2.3 Spellcasting
 + Level 4.3 Hexes


You had 2 spell levels left.
You knew the following spells:

 Your Spells              Type           Power      Damage    Failure   Level
a - Slow                  Hex            72%        N/A       4%          1
b - Inner Flame           Hex/Fire       10%        N/A       30%         3

Your spell library contained the following spells:

 Spells                   Type           Power      Damage    Failure   Level
 Portal Projectile        Hex/Tloc       20%        N/A       30%         3
 Cause Fear               Hex            9%         N/A       38%         4


Dungeon Overview and Level Annotations

Branches:
Dungeon (2/15)

Altars:

Shops:
D:2 :


Message History

Aiming: Slow (safe; 4% risk of failure)
Press: ? - help, Q - select action, (/) - cycle Shift-Dir - straight line, f/p - adder
Aim: an adder (moderately wounded, chance to affect: 60%)
The adder seems to slow down.
Aiming: Slow (safe; 4% risk of failure)
Press: ? - help, Q - select action, (/) - cycle Shift-Dir - straight line, f/p - adder
Aim: an adder (moderately wounded, slow, chance to affect: 60%)
The adder resists with significant effort.
The adder barely misses you.
Aiming: Slow (safe; 4% risk of failure)
Press: ? - help, Q - select action, (/) - cycle Shift-Dir - straight line, f/p - adder
Aim: an adder (moderately wounded, slow, chance to affect: 60%)
The adder seems to slow down.
The adder bites you.
* * * LOW HITPOINT WARNING * * *
You are poisoned.
The adder poisons you!
Aiming: Slow (safe; 4% risk of failure)
Press: ? - help, Q - select action, (/) - cycle Shift-Dir - straight line, f/p - adder
Aim: an adder (moderately wounded, slow, chance to affect: 60%)
The adder seems to slow down.
* * * LOW HITPOINT WARNING * * *
You feel sick. The adder closely misses you.
Aiming: Slow (safe; 4% risk of failure)
Press: ? - help, Q - select action, (/) - cycle Shift-Dir - straight line, f/p - adder
Aim: an adder (moderately wounded, slow, chance to affect: 60%)
The adder resists with significant effort.
* * * LOW HITPOINT WARNING * * *
You feel sick. The adder bites you but does no damage.
Aiming: Slow (safe; 4% risk of failure)
Press: ? - help, Q - select action, (/) - cycle Shift-Dir - straight line, f/p - adder
Aim: an adder (moderately wounded, slow, chance to affect: 60%)
The adder resists with significant effort.
* * * LOW HITPOINT WARNING * * *
You feel sick. The adder bites you.
* * * LOW HITPOINT WARNING * * *
You don't have enough magic to cast this spell.
You don't have enough magic to cast this spell.
Okay, then.
You die... ∙∙∙∙∙∙∙∙∙∙∙▒ ∙∙∙∙ ∙∙∙∙∙∙∙∙∙∙∙∙▒▒ ∙∙$∙ ▒∙∙∙∙∙∙∙∙∙∙∙∙∙ )∙∙∙∙ ▒▒∙∙∙∙∙∙∙∙∙∙∙▒▒ ∙∙∙∙∙ ▒▒▒▒∙∙∙∙▒▒▒▒∙▒∙∙∙▒ ∙∙∙∙∙∙▒∙∙∙∙∙∙∙∙∙∙∙∙▒▒▒∙▒ ∙∙∙∙∙∙▒∙∙∙∙∙∙∙∙∙∙∙∙▒∙∙<▒ ∙∙∙∙∙∙∩∙∙∙∙∙∙∙∙∙∙∙∙▒▒▒▒▒ ∙∙∙∙∙∙Se∙∙∙∙∙∙∙∙∙∙∙∙∙∙∙∙ ∙∙∙∙∙▒▒∙∙∙∙∙∙∙∙∙∙∙▒▒▒▒▒▒ ∙∙∙∙

▒∙∙∙∙∙∙∙∙∙∙∙▒▒▒ ∙∙∙
∙$∙∙▒∙∙∙∙∙∙∙∙∙∙∙▒▒▒
∙∙
▒∙▒∙▒▒▒▒∙∙∙∙∙∙∙∙∙∙▒
∙ ■∙∙▒∙▒
▒∙∙∙∙∙∙∙∙∙∙▒ ▒▒ ▒∙▒
▒∙∙∙∙∙∙∙∙∙∙▒ ▒∙▒
▒∙∙∙∙∙∙∙∙∙∙▒
▒∙∙∙∙∙∙∙∙∙∙▒


You could see an adder (slow).

Vanquished Creatures
  An adder (D:2)
  4 dart slugs
  3 bats (D:1)
  6 endoplasms
  2 goblins
  2 hobgoblins (D:1)
  2 jackals (D:1)
  4 ball pythons
  3 frilled lizards
  2 rats (D:1)
29 creatures vanquished.

Notes
Turn   | Place    | Note
-------+----------+-------------------------------------------
     0 | D:1      | Zeor the Deep Elf Hexslinger began the quest for the Orb.
     0 | D:1      | Reached XP level 1. HP: 11/11 MP: 5/5
   153 | D:1      | Reached XP level 2. HP: 15/16 MP: 4/6
   486 | D:1      | Reached XP level 3. HP: 20/20 MP: 8/8
   490 | D:1      | Learned a level 3 spell: Inner Flame
   911 | D:2      | Found Jagu's Book Shop.
   955 | D:2      | HP: 1/20 [adder (2)]
   956 | D:2      | Succumbed to an adder's poison

Illustrated notes

Levels and vault maps discovered:
D:1:      matt_arrival_spirals, layout_loops_ring
D:2:      layout_basic, serial_shops, shop

Skill      XL: |  1  2  3 |
---------------+----------+-----
Ranged Weapons | 3 4 |  4.3
Spellcasting   | 2 |  2.3
Fighting       | |  0.8
Dodging        | |  2.6
Stealth        | |  0.3
Hexes          | |  4.3

Action                     || total
---------------------------++-------
   Fire: Sling             ||    99
   Cast: Slow              ||    20
         Inner Flame       ||     1
    Use: Scroll            ||     4
         Potion            ||     1
 Armour: Robe              ||     7
         Leather armour    ||     9
  Dodge: Dodged            ||    41
